 Dungeon Crawl Stone Soup version 0.19-a0-414-g76fec5b (webtiles) character file.

12476 tyrsky the Thaumaturge (level 11, 0/64 HPs)
             Began as a Gargoyle Earth Elementalist on May 31, 2016.
             Was a High Priest of Vehumet.
             Slain by a wolf (4 damage)
             ... on level 3 of the Lair of Beasts.
             The game lasted 00:42:09 (12073 turns).

tyrsky the Thaumaturge (GrEE)                      Turns: 12073, Time: 00:42:10

Health: 0/64       AC: 16    Str: 13    XL:     11   Next: 94%
Magic:  1/39       EV: 13    Int: 20    God:    Vehumet [*****.]
Gold:   666        SH:  0    Dex: 10    Spells: 8 memorised, 5 levels left

rFire  . . .     SeeInvis .     B - staff of power
rCold  . . .     Gourm    .     e - +1 robe
rNeg   + . .     Faith    .     (no shield)
rPois  ∞         Spirit   .     s - +0 helmet
rElec  +         Dismiss  .     T - +1 cloak
rCorr  .         Reflect  .     I - +0 pair of gloves
SustAt .         Harm     .     y - +0 pair of boots
MR     +....                    (no amulet)
Stlth  ++........               P - ring of protection from magic
                                L - +2 ring of intelligence

@: somewhat resistant to hostile enchantments, unstealthy
A: negative energy resistance 1, electricity resistance, unbreathing,
petrification resistance, rot immunity, AC +7
a: Renounce Religion


You were on level 3 of the Lair of Beasts.
You worshipped Vehumet.
Vehumet was extremely pleased with you.
You were near starving.

You visited 3 branches of the dungeon, and saw 14 of its levels.

You collected 666 gold pieces.

Inventory:

Hand Weapons
 u - a +0 dagger
Missiles
 b - 285 stones (quivered)
Armour
 e - a +1 robe (worn)
 s - a +0 helmet (worn)
 y - a +0 pair of boots (worn)
 I - a +0 pair of gloves (worn)
 T - a +1 cloak (worn)
Magical Staves
 B - an uncursed staff of power (weapon)
Jewellery
 t - an uncursed amulet of dismissal {unknown}
 F - an uncursed ring of ice
 L - a +2 ring of intelligence (left hand)
 N - a +3 ring of protection
 P - a ring of protection from magic (right hand)
Wands
 k - a wand of heal wounds (5/9)
 x - a wand of random effects (28/48)
 z - a wand of disintegration (5/24)
 C - a wand of digging (16/24)
 M - a wand of flame (24/48)
 O - a wand of lightning (7/15)
Scrolls
 a - 2 scrolls of fog
 c - 5 scrolls of identify {@*1}
 g - 2 scrolls of magic mapping
 j - 2 scrolls of noise
 n - 5 scrolls of remove curse
 q - a scroll of fear {unknown}
 A - a scroll of enchant armour
 J - a scroll of amnesia
 Q - 4 scrolls of teleportation
Potions
 f - 3 potions of flight
 h - a potion of agility {unknown}
 i - a potion of lignification {unknown}
 l - 2 potions of berserk rage {unknown}
 m - a potion of haste {unknown}
 o - 2 potions of brilliance {unknown}
 r - 3 potions of heal wounds {unknown}
 v - 3 potions of cancellation
 w - a potion of ambrosia {unknown}
 G - a potion of might {unknown}
 H - a potion of mutation {unknown}
 R - a potion of degeneration {unknown}
Comestibles
 d - 2 bread rations
 p - 11 fruits
 D - 4 meat rations
 E - 7 beef jerkies
 U - 8 slices of pizza


   Skills:
 + Level 5.3 Fighting
 + Level 4.8 Staves
 + Level 5.4 Armour
 + Level 4.5 Dodging
 - Level 2.1 Stealth
 * Level 9.4 Spellcasting
 + Level 8.1 Conjurations
 - Level 0.7 Transmutations
 + Level 5.0 Fire Magic
 + Level 9.0 Earth Magic
 + Level 3.9 Evocations


You had 5 spell levels left.
You knew the following spells:

 Your Spells              Type           Power        Failure   Level  Hunger
a - Stone Arrow           Conj/Erth      #####.       1%          3    None
b - Lee's Rapid Deconstr  Erth           #####.....   2%          5    #####..
c - Passwall              Tmut/Erth      ####......   1%          2    None
d - Conjure Flame         Conj/Fire      #####...     1%          3    None
e - Sandblast             Erth           #####.       1%          1    None
f - Blink                 Tloc           N/A          14%         2    None
g - Repel Missiles        Chrm/Air       #.....       14%         2    None
h - Fireball              Conj/Fire      #####.....   4%          5    #####..


Dungeon Overview and Level Annotations

Branches:
Dungeon (9/15)             Temple (1/1) D:5            Lair (4/8) D:8
 Shoals (0/4) Lair:3
  Snake: Lair:3-6    Spider: Lair:3-6       Orc: D:9-12

Altars:
Ashenzari
Cheibriados
Dithmenos
Elyvilon
Fedhas
Hepliaklqana
Kikubaaqudgha
Makhleb
Nemelex Xobeh
Qazlal
Ru
Sif Muna
Trog
Uskayaw
Vehumet
Xom
Yredelemnul
The Shining One

Shops:
D:7 *

Annotations:
D:3 exclusion: ogre
Lair:3 exclusion: hydra


Innate Abilities, Weirdness & Mutations

You are resistant to torment.
Your stone body is resilient (AC +7).
You are immune to poison.
You resist negative energy. (rN+)
You are resistant to electric shocks. (rElec)
You can survive without breathing.
You are immune to petrification.
You are immune to rotting.


Message History

You climb upwards.
Level annotation: exclusion: hydra
There is a stone staircase leading down here.
Casting: Stone Arrow
Confirm with . or Enter, or press ? or * to list all spells.
Aiming: Stone Arrow
Press: ? - help, Shift-Dir - straight line, f - wolf
Aim: a wolf The stone arrow misses the wolf.
The wolf bites you!
* * * LOW HITPOINT WARNING * * *
The wolf bites you.
* * * LOW HITPOINT WARNING * * *
The spiny frog stings you!
* * * LOW HITPOINT WARNING * * *
The wolf bites you but does no damage.
Okay, then.
It was a potion of cancellation.
You feel magically purged. The wolf misses you.
The spiny frog closely misses you. The wolf misses you. The wolf bites you.
You die...

.....................##
.....................#
........#............#
....................##
.....................##
....................#.##
....................##.#
................hF...###
...............[9...#.#
.......PP........h...##
.......P.............#
......P.............##
.......P............###
......##............#.#
......#.....P........##
..###..#.......#.P.###
..##..........#.###>###


You could see a spiny frog and 2 wolves.

Vanquished Creatures
  A hydra (Lair:4)
  2 black mambas
  8 spiny frogs
  A rime drake (Lair:2)
  3 komodo dragons
  A wyvern (D:8)
  A human (D:8)
  11 yaks
  Grum (Lair:1)
  2 hippogriffs
  3 water moccasins
  5 porcupines
  2 orc warriors
  A sky beast (D:8)
  A black bear (D:8)
  An ice beast (D:8)
  A phantom (D:4)
  3 ogres
  5 wolves
  2 centaurs
  6 crocodiles
  2 big kobolds (D:8)
  6 giant frogs
  A scorpion (D:5)
  14 killer bees
  2 centaur zombies
  A giant frog zombie (D:6)
  7 hounds
  6 orc priests
  A giant frog skeleton (D:8)
  Jessica (D:3)
  A centaur skeleton (D:5)
  3 iguanas
  8 orc wizards
  3 worker ants
  4 sheep (D:8)
  A hound skeleton (D:7)
  A howler monkey zombie (D:5)
  3 gnolls (D:4)
  10 adders
  45 river rats
  A shadow imp (D:9)
  A white imp (D:8)
  An adder zombie (D:8)
  2 worms (D:4)
  2 dart slugs (D:1)
  8 giant geckos
  28 orcs
  A bat zombie (D:1)
  2 giant cockroaches
  9 goblins
  8 hobgoblins
  12 jackals
  3 quokkas
  2 ball pythons
  A ball python skeleton (D:4)
  4 bats
  A giant gecko skeleton (D:8)
  4 giant newts
  A goblin skeleton (D:8)
  2 goblin zombies (D:8)
  4 hobgoblin zombies (D:8)
  A jackal zombie (D:1)
  35 kobolds
  A kobold skeleton (D:8)
  A kobold zombie (D:8)
  An orc skeleton (D:8)
  An orc zombie (D:8)
  A quokka skeleton (D:5)
  7 rats
326 creatures vanquished.

Vanquished Creatures (others)
  2 plants
2 creatures vanquished.

Grand Total: 328 creatures vanquished

Notes
Turn   | Place    | Note
--------------------------------------------------------------
     0 | D:1      | tyrsky the Gargoyle Earth Elementalist began the quest for the Orb.
     0 | D:1      | Reached XP level 1. HP: 10/10 MP: 3/3
   316 | D:1      | Reached XP level 2. HP: 14/15 MP: 5/5
   736 | D:1      | Reached XP level 3. HP: 19/19 MP: 2/7
  1202 | D:2      | Learned a level 2 spell: Passwall
  1206 | D:2      | Learned a level 3 spell: Stone Arrow
  1628 | D:2      | Reached XP level 4. HP: 24/24 MP: 6/9
  2098 | D:3      | Noticed Jessica
  2105 | D:3      | Killed Jessica
  2203 | D:3      | Found a stormy altar of Qazlal.
  2206 | D:3      | Noticed an ogre
  2742 | D:4      | Noticed an ogre
  2898 | D:4      | Reached skill level 5 in Earth Magic
  2898 | D:4      | Reached XP level 5. HP: 28/28 MP: 0/11
  3448 | D:5      | Entered Level 5 of the Dungeon
  3533 | D:5      | Found a staircase to the Ecumenical Temple.
  3539 | Temple   | Entered the Ecumenical Temple
  3573 | Temple   | Became a worshipper of Vehumet
  3683 | D:5      | Reached skill level 1 in Conjurations
  3683 | D:5      | Reached XP level 6. HP: 27/32 MP: 0/12
  4110 | D:5      | Found a sparkling altar of Nemelex Xobeh.
  4137 | D:5      | Reached skill level 5 in Spellcasting
  4147 | D:5      | Reached XP level 7. HP: 17/36 MP: 2/14
  4352 | D:4      | Reached * piety under Vehumet
  4352 | D:4      | Offered knowledge of Freeze by Vehumet.
  5110 | D:5      | Found a snail-covered altar of Cheibriados.
  5112 | D:5      | Found a bloodstained altar of Trog.
  5114 | D:5      | Found a shadowy altar of Dithmenos.
  5144 | D:6      | Reached XP level 8. HP: 41/41 MP: 16/16
  5520 | D:6      | Reached skill level 5 in Conjurations
  5522 | D:6      | Offered knowledge of Shock by Vehumet.
  5527 | D:6      | Learned a level 3 spell: Conjure Flame
  5569 | D:6      | Reached ** piety under Vehumet
  5812 | D:6      | Reached skill level 1 in Armour
  5957 | D:7      | Reached skill level 1 in Fire Magic
  6029 | D:7      | Reached skill level 1 in Staves
  6090 | D:7      | Offered knowledge of Searing Ray by Vehumet.
  6090 | D:7      | Reached skill level 1 in Fighting
  6090 | D:7      | Reached skill level 1 in Evocations
  6208 | D:7      | Found Ovetuvefa's General Store.
  6243 | D:7      | Found a hazy altar of Hepliaklqana.
  6271 | D:7      | Found a deep blue altar of Sif Muna.
  6393 | D:7      | Reached XP level 9. HP: 47/47 MP: 19/19
  6600 | D:8      | Found a glowing golden altar of the Shining One.
  6609 | D:8      | Reached *** piety under Vehumet
  6965 | D:8      | Found a staircase to the Lair.
  7175 | D:8      | Offered knowledge of Force Lance by Vehumet.
  7340 | D:8      | Found a hide-covered altar of Uskayaw.
  7576 | D:8      | HP: 2/48 [killer bee (7)]
  7678 | D:8      | Reached **** piety under Vehumet
  7940 | D:8      | Offered knowledge of Throw Icicle by Vehumet.
  8135 | D:8      | Found a shadowy altar of Dithmenos.
  8241 | D:8      | Reached XP level 10. HP: 49/54 MP: 17/21
  8504 | Lair:1   | Entered Level 1 of the Lair of Beasts
  8535 | Lair:1   | Learned a level 5 spell: Lee's Rapid Deconstruction
  8538 | Lair:1   | Learned a level 2 spell: Blink
  8541 | Lair:1   | Learned a level 2 spell: Repel Missiles
  8746 | Lair:1   | Noticed Grum
  8757 | Lair:1   | Killed Grum
  8770 | Lair:1   | Noticed a spiny frog
  8780 | Lair:1   | Killed a spiny frog
  9003 | Lair:1   | Noticed a spiny frog
  9008 | Lair:1   | Killed a spiny frog
  9089 | Lair:1   | Reached ***** piety under Vehumet
  9091 | Lair:1   | Offered knowledge of Fireball by Vehumet.
  9094 | Lair:1   | Noticed a spiny frog
  9104 | Lair:1   | Killed a spiny frog
  9653 | Lair:1   | Reached XP level 11. HP: 60/60 MP: 23/23
 10819 | Lair:2   | Reached skill level 5 in Armour
 11023 | Lair:3   | Reached skill level 5 in Fighting
 11081 | Lair:3   | Found a staircase to the Shoals.
 11554 | Lair:3   | Learned a level 5 spell: Fireball
 11711 | Lair:3   | Noticed an eight-headed hydra
 11972 | Lair:4   | Found a burning altar of Makhleb.
 11972 | Lair:4   | Noticed a six-headed hydra
 11976 | Lair:4   | Killed a six-headed hydra
 12063 | Lair:4   | Reached skill level 5 in Fire Magic
 12073 | Lair:3   | Slain by a wolf

Vault maps used:
D:1:      saegor_arrival_fortress
D:3:      lemuel_doored_altar, uniq_jessica
D:4:      first_bread
D:5:      nemelex_xobeh_ov_fountains_minmay, grunt_temple_overflow_diamond,
          temple_green
D:6:      corexii_shantytown, serial_shops, kennysheep_little_box
D:7:      kennysheep_mini_moat, lemuel_round_altar, serial_shops,
          nicolae_shop_statue_plus
D:8:      kennysheep_kobold_camp, nicolae_overflow_crystal_walls,
          nicolae_tso_besieged_by_evil, lair_0_dummy, basic_altar, st_stairs_11,
          grunt_livestock
D:9:      zin_purify
Temple:   circular_temple_pool_12
Lair:1:   grunt_megastairs_3, uniq_grum
Lair:2:   grunt_megastairs_2, infiniplex_staircase_pool
Lair:3:   shoals_dummy_entry, hibernation_bobbens
Lair:4:   guppyfry_snake_entry_island, basic_altar

Skill      XL: |  1  2  3  4  5  6  7  8  9 10 11 |
---------------+----------------------------------+-----
Earth Magic    | 4 5 6 7 8 9 |  9.0
Spellcasting   | 3 4 5 6 7 8 9 |  9.4
Conjurations   | 1 2 4 5 6 7 8 |  8.1
Armour         | 1 3 4 5 |  5.4
Fire Magic     | 1 3 4 5 |  5.0
Staves         | 1 2 4 |  4.8
Fighting       | 1 2 3 5 |  5.3
Dodging        | 2 3 4 |  4.5
Evocations     | 1 2 3 |  3.9
Stealth        | |  2.1
Transmutations | |  0.7

Action                   |  1- 3 |  4- 6 |  7- 9 | 10-12 || total
-------------------------+-------+-------+-------+-------++-------
Melee: Unarmed           |    67 |       |       |       ||    67
       Dagger            |       |     7 |       |       ||     7
       Staff             |       |       |    94 |    27 ||   121
Throw: Stone             |    88 |    26 |    79 |     1 ||   194
 Cast: Sandblast         |    72 |   131 |    94 |       ||   297
       Stone Arrow       |       |     5 |   206 |   200 ||   411
       Lee's Rapid Decon |       |       |       |    25 ||    25
       Conjure Flame     |       |       |       |     1 ||     1
Evoke: Wand              |       |     2 |       |       ||     2
  Use: Scroll            |       |     7 |     1 |     5 ||    13
       Potion            |       |     2 |     1 |     1 ||     4
  Eat: Chunk             |     2 |     9 |     9 |     1 ||    21
       Bread ration      |       |       |     2 |     3 ||     5
Armor: Robe              |    28 |    50 |    95 |    26 ||   199
Dodge: Dodged            |    77 |    73 |   143 |    54 ||   347
